Unix NetHack Version 5.0.0-0 post-release - last build May 31 2026 23:59:36 (970b52f25bf058293b47ddfd14a1e40e571c508c,branch:main).

Game began 2026-06-04 00:32:47, ended 2026-06-04 00:49:41.

Drastanta, lawful male human Knight

                                               -------       ------------
   -------                                     |!..[.|       |.).......!|
   |.....|        --------                     |.._..|   ###%-.(.....).*|
   |.....|        |..<...|     ---------     ##......|   #   |=/....)%..|
   |.....|        |......|     |......k|     # |....)-####   ------------
   |......########|......|     |.......|   ### -|-----
   ----|--       #|..%....#####........|   #    ####
       #         #....(..|    #|.......|   #       ####
       #          ----+---     |........####          B
       #                       ----.----  ##          @e
       #                                               .
      ##                                               ..
      #                                                ...|
      #                                                 ..|
 -----.------                                           ---
 |.....{....|
 |..........|
 |.>........-#
 ------------

Drastanta the Esquire    St:13 Dx:10 Co:13 In:8 Wi:15 Ch:18  Lawful
Dlvl:3  $:74 HP:0(42) Pw:28(28) AC:3  Xp:4 T:1895 

Latest messages:
 You do not owe Wonotobo anything.
 There are several objects here.
 What do you want to drop? [$a-hjkm-pstxEH-K or ?*] ?
 You drop a +1 lance.
 Your movements are now unencumbered.
 A pair of leather gloves lands on the altar.
 2 food rations land on the altar.
 A scroll labeled YUM YUM lands on the altar.
 There is an amber flash as a scroll called Identify hits the altar.
 A clear potion lands on the altar.
 A white potion lands on the altar.
 A steel wand lands on the altar.
 A key lands on the altar.
 I - an uncursed pair of leather gloves.
 E - 2 uncursed food rations.
 K - an uncursed scroll labeled YUM YUM.
 t - a blessed scroll called Identify.
 J - an uncursed clear potion.
 H - an uncursed white potion.
 x - an uncursed steel wand.
 s - an uncursed key.
 You hear the footsteps of a guard on patrol.
 You hit the floating eye!
 You hit the floating eye.
 You are frozen by the floating eye's gaze!
 You hear someone counting gold coins.
 The bat misses!
 The bat bites!
 The bat bites!
 The bat bites!
 The bat bites!
 The bat bites!
 The bat bites!
 The bat bites!
 The bat bites!
 The bat bites!
 The bat bites!
 The bat bites!
 The bat bites!
 The bat just misses!
 The bat bites!
 The bat bites!
 The bat just misses!
 The bat bites!
 You die...
 Do you want your possessions identified? [ynq] (y) n
 Do you want to see your attributes? [ynq] (y) n
 Do you want an account of creatures vanquished? [ynaq] (y) n
 Do you want to see your conduct and achievements? [ynq] (y) n
 Do you want to see the dungeon overview? [ynq] (y) q

Inventory:
 Coins    ('$')
  $ - 74 gold pieces
 Weapons  (')')
  a - a +1 long sword (weapon in right hand)
 Armor    ('[')
  d - an uncursed +0 helmet (being worn)
  f - an uncursed +0 pair of leather gloves (being worn)
  I - an uncursed +0 pair of leather gloves
  e - an uncursed +0 small shield (being worn)
  c - an uncursed +1 ring mail (being worn)
 Comestibles  ('%')
  g - 11 uncursed apples
  h - 11 uncursed carrots
  E - 2 uncursed food rations
 Scrolls  ('?')
  K - an uncursed scroll of enchant armor
  m - 2 cursed scrolls of enchant armor
  t - a blessed scroll of identify
 Potions  ('!')
  k - an uncursed potion of fruit juice
  j - a blessed potion of healing
  H - an uncursed potion of healing
  J - an uncursed potion of water
 Rings    ('=')
  n - an uncursed ring of searching
 Wands    ('/')
  o - a wand of digging (0:5)
  p - a wand of digging (0:5)
  x - a wand of slow monster (0:5)
 Tools    ('(')
  s - an uncursed skeleton key

Drastanta the Knight's attributes:

Background:
 You were an Esquire, a level 4 male human Knight.
 You were lawful, on a mission for Lugh
 who was opposed by Brigit (neutral) and Manannan Mac Lir (chaotic).
 You were right-handed.
 You were in the Dungeons of Doom, on level 3.
 You entered the dungeon 1895 turns ago.
 It was the midnight hour.
 You had 99 experience points, 61 more were needed to attain level 5.

Basics:
 You had 0 out of 42 hit points.
 You had all 28 energy points (spell power).
 Your armor class was 3.
 Your wallet contained 74 zorkmids.
 Autopickup was on for '$' plus thrown.

Final Characteristics:
 Your strength was 13 (limit:18/100).
 Your dexterity was 10 (limit:18).
 Your constitution was 13 (limit:18).
 Your intelligence was 8 (limit:18).
 Your wisdom was 15 (limit:18).
 Your charisma was 18 (limit:18).

Final Status:
 You weren't hungry.
 You were unencumbered.
 You were wielding a long sword.
 You had basic skill with long sword.

Final Attributes:
 You were devoutly aligned.
 You could jump.
 You were warded.
 Your spell casting was impaired by metallic armor.
 You are dead.

Miscellaneous:
 You didn't encounter any bones levels.
 Total elapsed playing time was 16 minutes and 54 seconds.

Major events:
 Turn
    1: Drastanta the lawful male human Knight entered the dungeon
  809: attained the rank of Esquire (level 3)
 1895: killed by a bat, while frozen by a floating eye's gaze

Spells:
 Name                 Level Category     Fail Retention
 light                  1   divination   100%  76%-100%

Skills:
 Fighting Skills
   bare handed combat [Unskilled]
   two weapon combat  [Unskilled]
   riding             [Basic]
 Weapon Skills
   dagger             [Unskilled]
   knife              [Unskilled]
   axe                [Unskilled]
   pick-axe           [Unskilled]
   short sword        [Unskilled]
   broadsword         [Unskilled]
   long sword         [Basic]
   two-handed sword   [Unskilled]
   saber              [Unskilled]
   club               [Unskilled]
   mace               [Unskilled]
   morning star       [Unskilled]
   flail              [Unskilled]
   hammer             [Unskilled]
   polearms           [Unskilled]
   spear              [Unskilled]
   trident            [Unskilled]
   lance              [Basic]
   bow                [Unskilled]
   crossbow           [Unskilled]
 Spellcasting Skills
   attack spells      [Unskilled]
   healing spells     [Unskilled]
   clerical spells    [Unskilled]

Voluntary challenges:
 Character rerolling was not enabled.
 You never genocided any monsters.
 You never polymorphed an object.
 You never changed form.
 You used no wishes.
Achievements:
 You entered a shop.
 You attained the rank of Esquire.

 The Dungeons of Doom: levels 1 to 4
    Level 1:
       A fountain, a sink.
    Level 2:
       A fountain.
    Level 3: <- You were here.
       A general store, an altar, a sink.
       Final resting place for
          you, killed by a bat, while frozen by a floating eye's gaze.
    Level 4:


Vanquished creatures:
  2 small mimics
  a pony
 an iguana
  a yellow mold
  a gnome
  a gnome zombie
  a gecko
  2 jackals
  2 foxes
  a kobold
  a goblin
  3 grid bugs
  2 newts
19 creatures vanquished.

No species were genocided or became extinct.

Game over:
                       ----------
                      /          \
                     /    REST    \
                    /      IN      \
                   /     PEACE      \
                  /                  \
                  |    Drastanta     |
                  |      74 Au       |
                  | killed by a bat  |
                  |                  |
                  |                  |
                  |                  |
                  |       2026       |
                 *|     *  *  *      | *
        _________)/\\_//(\/(/\)/\//\/|_)_______

Fare thee well Drastanta the Knight...

You died in The Dungeons of Doom on dungeon level 3 with 667 points,
and 74 pieces of gold, after 1895 moves.
You were level 4 with a maximum of 42 hit points when you died.

